 Dungeon Crawl Stone Soup version 0.27-a0-498-g7ecbb0a48f (webtiles) character file.

Game seed: 5604816926019452494

30 dickylongcocking the Sneak (level 3, -4/26 HPs)
             Began as an Octopode Delver on Mar 3, 2021.
             Slain by Grinder (6 damage)
             ... while paralysed by Grinder
             ... on level 4 of the Dungeon.
             The game lasted 00:00:41 (399 turns).

dickylongcocking the Sneak (Octopode Delver)         Turns: 399, Time: 00:00:42

Health: -4/26      AC:  1    Str: 11    XL:     3   Next: 18%
Magic:  3/3        EV:  2    Int: 12    God:
Gold:   0          SH:  0    Dex: 14    Spells: 2/2 levels left

rFire    . . .     SeeInvis .     - Unarmed
rCold    . . .     Faith    .   (no shield)
rNeg     . . .     Spirit   .   (helmet restricted)
rPois    .         Reflect  .   (no amulet)
rElec    .         Harm     .   (no ring)
rCorr    .         Rampage  .   (no ring)
Will     .....                  (no ring)
Stlth    ++++......             (no ring)
HPRegen  0.08/turn              (no ring)
MPRegen  0.08/turn              (no ring)
                                (no ring)
                                (no ring)

@: paralysed
A: almost no armour, stealthy swim, amphibious, 8 rings, constrict 8, camouflage
1, gelatinous body 1
a: no special abilities


You were on level 4 of the Dungeon.
You visited 1 branch of the dungeon, and saw 2 of its levels.

Inventory:

Wands
 e - a wand of digging (2)
Scrolls
 a - a scroll of fog
 c - a scroll of fear


   Skills:
 - Level 3.0 Fighting
 - Level 2.0 Dodging
 + Level 7.0 Stealth
 * Level 3.1 Unarmed Combat


You had 2 spell levels left.
You didn't know any spells.
Your spell library was empty.

Dungeon Overview and Level Annotations

Branches:
Dungeon (5/15)
 Temple: D:4-7

Altars:

Annotations:
D:4 Grinder
D:5 Menkaure


Innate Abilities, Weirdness & Mutations

You cannot wear most types of armour.
You are very stealthy in the water. (Stealth+)
You are amphibious.
You can wear up to eight rings at the same time.
You can use your tentacles to constrict eight enemies at once.
Your skin changes colour to match your surroundings (Stealth+).
Your rubbery body absorbs attacks. (AC +1, EV +1)


Message History

Okay, then.
Okay, then.
You aren't carrying any pieces of jewellery.
Unknown command.
Grinder barely misses you.
You tentacle-slap Grinder. You grab Grinder.
You squeeze Grinder, but do no damage.
Grinder is heavily wounded.
You constrict Grinder. Grinder closely misses you.
You tentacle-slap Grinder.
Grinder is severely wounded.
You constrict Grinder.
Grinder says, "DUCK!"
Grinder hits you.
* * * LOW HITPOINT WARNING * * *
Unknown command.
You tentacle-slap Grinder but do no damage.
Grinder is severely wounded.
You constrict Grinder. Grinder completely misses you.
You barely miss Grinder.
Your tentacle-slap misses Grinder.
Grinder is almost dead.
You constrict Grinder.
Grinder blinks free!
You tentacle-slap Grinder but do no damage.
You grab Grinder.
Grinder is almost dead.
You constrict Grinder, but do no damage.
Grinder blinks free!
Okay, then.
Grinder says, "You look like you could use a good racking."
You closely miss Grinder. You grab Grinder.
Grinder is almost dead.
You constrict Grinder. Grinder gestures at you.
You suddenly lose the ability to move!
You lose your grip on Grinder.
Grinder gestures at you.
You shrug off the repeated paralysis!
Grinder hits you.
* * * LOW HITPOINT WARNING * * *
You writhe in agony.
You die...

#..#.#.#
#..#.#.#
#....#.#
#..#.#.#
#..#.#.#####
#..........#
#......###.#
#..#.5.#
#....@?###.#
#..$.......#
#......#####
#.##...# #.
#...# #.
#...# #.
....# #.
#.#.# #.
....#


You could see Grinder.

Vanquished Creatures
  A hound (D:4)
1 creature vanquished.

Notes
Turn   | Place    | Note
-------+----------+-------------------------------------------
     0 | D:5      | dickylongcocking the Octopode Delver began the quest for
                  | the Orb.
     0 | D:5      | Reached XP level 1. HP: 16/16 MP: 1/1
    15 | D:5      | Noticed Menkaure
    15 | D:5      | Noticed a sky beast
    70 | D:4      | Noticed a hound
    81 | D:4      | Killed a hound
    82 | D:4      | Reached skill level 7 in Stealth
    82 | D:4      | Reached XP level 2. HP: 5/21 MP: 2/2
    82 | D:4      | Reached XP level 3. HP: 7/26 MP: 3/3
   377 | D:4      | Noticed Grinder
   397 | D:4      | Paralysed by Grinder for 3 turns
   399 | D:4      | Slain by Grinder

Illustrated notes

Levels and vault maps discovered:
D:4:      minmay_opposing_rooms, layout_basic, lemuel_doored_altar,
          serial_bayou_pond_a, minmay_misc_feat_rugged, serial_bayou_lagoon_a,
          serial_park_tiny_pond, uniq_eustachio, uniq_grinder, uniq_sigmund
D:5:      layout_loops_ring, cheibrodos_sewer_entry_bend, kennysheep_cross_room,
          uniq_menkaure

Skill      XL: |  1 |
---------------+----+-----
Stealth        | 7 |  7.0
Unarmed Combat | 3 |  3.1
Fighting       | |  3.0
Dodging        | |  2.0

Action                   || total
-------------------------++-------
Melee: Unarmed           ||    17
       Constrict         ||     5
       Tentacles         ||     3
       Punch             ||     1
Evoke: Wand              ||     1
  Use: Scroll            ||     1
       Potion            ||     1
 Stab: Sleeping          ||     1
Armor: Skin              ||     1
Dodge: Dodged            ||     9

Table legend: (Time is in decaauts)
 A = Elapsed time spent in this place.
 B = Non-inter-level travel time spent in this place.
 C = Inter-level travel time spent in this place.
 D = Time resting spent in this place.
 E = Time spent auto-exploring this place.
 F = Levels seen in this place.
 G = Mean time per level.
                   A        B        C        D        E       F      G
               +--------+--------+--------+--------+--------+-----+--------+
         Total |    379 |    379 |      0 |    108 |    183 |   2 |  189.5 |
       Dungeon |    379 |    379 |      0 |    108 |    183 |   2 |  189.5 |
               +--------+--------+--------+--------+--------+-----+--------+

Top non-repeatable levels by time:
     D:4: 320 daAuts
     D:5: 58 daAuts
